 Dungeon Crawl Stone Soup version 0.20.1-1-g8b1a95d66d (webtiles) character file.

119 Gargoyl the Skirmisher (level 4, 0/39 HPs)
             Began as a Centaur Abyssal Knight on Dec 14, 2017.
             Was a Follower of Lugonu.
             Slain by Natasha (4 damage)
             ... on level 2 of the Dungeon.
             The game lasted 00:03:02 (1594 turns).

Gargoyl the Skirmisher (Centaur Abyssal Knight)     Turns: 1594, Time: 00:03:02

Health: 0/39       AC: 10    Str: 14    XL:     4   Next: 74%
Magic:  6/6        EV:  2    Int: 11    God:    Lugonu [*.....]
Gold:   82         SH:  0    Dex: 10    Spells: 3/3 levels left

rFire    . . .     SeeInvis .   a - +2 hand axe
rCold    . . .     Gourm    .   (no shield)
rNeg     . . .     Faith    .   d - +0 plate armour
rPois    .         Spirit   .   (no helmet)
rElec    .         Reflect  .   (no cloak)
rCorr    .         Harm     .   i - +0 pair of gloves (curse)
MR       .....                  (no barding)
Stlth    ..........             (no amulet)
Regen    0.2/turn               (no ring)
MPRegen  0.1/turn               (no ring)

@: slowed
A: hooves 3, deformed body, speed 2, tough skin 3
a: Depart the Abyss, Renounce Religion


You were on level 2 of the Dungeon.
You worshipped Lugonu.
Lugonu was aware of your devotion.
You were not hungry.

You visited 1 branch of the dungeon, and saw 2 of its levels.
You visited the Abyss 1 time.

You collected 82 gold pieces.

Inventory:

Hand Weapons
 a - a +2 hand axe (weapon)
Armour
 d - a +0 plate armour (worn)
 i - a cursed +0 pair of gloves (worn)
Scrolls
 b - a scroll of enchant armour {unknown}
 e - a scroll of magic mapping {unknown}
Comestibles
 c - a bread ration
 f - a meat ration


   Skills:
 + Level 3.6 Fighting
 + Level 3.1 Axes
 * Level 2.2 Armour
 + Level 0.6 Dodging
 * Level 2.8 Invocations


You had 3 spell levels left.
You didn't know any spells.

Dungeon Overview and Level Annotations

Branches:
Dungeon (2/15)

Altars:

Annotations:
D:2 Natasha


Innate Abilities, Weirdness & Mutations

You have hooves in place of feet.
Armour fits poorly on your strangely shaped body.
You cover ground very quickly.
You have extremely tough skin. (AC +3)


Message History

* * * LOW HITPOINT WARNING * * *
The crimson imp blinks!
Natasha claws you.
* * * LOW HITPOINT WARNING * * *
You hit Natasha. Your kick misses Natasha.
Natasha is heavily wounded.
Natasha claws you.
* * * LOW HITPOINT WARNING * * *
The crimson imp grins evilly.
Natasha claws you but does no damage.
Unknown command.
Your plate armour prevents you from hitting Natasha.
Natasha is heavily wounded.
The crimson imp shouts, "Taste defeat, thou currish boil-brained strumpet!"
Natasha claws you but does no damage.
Unknown command.
Your plate armour prevents you from hitting Natasha.
Natasha is heavily wounded.
The crimson imp disappears in a puff of smoke!
Natasha claws you.
You die...

###.#..... #.. ....
.........######.##...
...........##......#
....##..(..##.....####
....##................
............#...5.# #
...###.....##.....# ..
...###...........[### #...
....##.....##...@...###.....
(##.##.#..###..h..#......##.
.##.##....#.....§...........
(.......#.#.......#..#..#...
(.#....#.....<.###..##.## .
.##..........###...## (
)÷(..........)...... ..
..##........##...#### #.
......#.........# ..


You could see Natasha and a crimson imp.

Vanquished Creatures
  Natasha (twice) (D:2)
  3 adders (D:2)
  2 worms (D:2)
  A dart slug (D:1)
  A leopard gecko (D:2)
  2 giant cockroaches (D:2)
  4 goblins
  4 hobgoblins
  2 jackals (D:1)
  5 kobolds
  3 bats
  2 frilled lizards (D:2)
  4 rats
35 creatures vanquished.

Notes
Turn   | Place    | Note
-------+----------+-------------------------------------------
     0 | Abyss:1  | Gargoyl the Centaur Abyssal Knight began the quest for the Orb.
     0 | Abyss:1  | Reached XP level 1. HP: 19/19 MP: 2/2
    74 | Abyss:1  | Noticed a large abomination
    88 | Abyss:1  | Noticed a thrashing horror
    90 | D:1      | Escaped the Abyss
   135 | D:1      | Reached * piety under Lugonu
   238 | D:1      | Reached XP level 2. HP: 20/26 MP: 3/3
   727 | D:2      | Reached XP level 3. HP: 18/31 MP: 4/4
   929 | D:2      | Noticed Natasha
  1109 | D:2      | Killed Natasha
  1109 | D:2      | Reached XP level 4. HP: 12/39 MP: 5/5
  1535 | D:2      | Noticed Natasha
  1548 | D:2      | Killed Natasha
  1584 | D:2      | Noticed Natasha
  1594 | D:2      | Slain by Natasha

Skill      XL: |  1  2  3  4 |
---------------+-------------+-----
Axes           | 2 3 |  3.1
Armour         | 2 |  2.2
Fighting       | |  3.6
Dodging        | |  0.6
Invocations    | |  2.8

Action                   |  1- 3 |  4- 6 || total
-------------------------+-------+-------++-------
Melee: Hand axe          |    84 |    43 ||   127
       Kick              |     9 |     8 ||    17
Invok: Depart the Abyss  |     1 |       ||     1
  Use: Potion            |     2 |       ||     2
       Scroll            |     2 |       ||     2
  Eat: Chunk             |       |     2 ||     2
Armor: Plate armour      |    94 |    46 ||   140
Dodge: Dodged            |    11 |     3 ||    14
